 Dungeon Crawl Stone Soup version 0.26-a0-854-gdc81c2f (webtiles) character file.

Game seed: 9378693369095851562

3484 edsrzf the Covert (level 9, -3/41 HPs)
             Began as a Felid Delver on Nov 22, 2020.
             Was an Initiate of Gozag.
             Slain by an ice dragon simulacrum (8 damage)
             ... in a Gauntlet.
             The game lasted 00:31:29 (12977 turns).

edsrzf the Covert (Felid Delver)                   Turns: 12977, Time: 00:31:30

Health: -3/41      AC:  2    Str:  8    XL:     9   Next: 79%
Magic:  0/17       EV: 18    Int: 14    God:    Gozag
Gold:   1789       SH:  0    Dex: 18    Spells: 12/18 levels left
                                        Lives:  0   Deaths: 2

rFire    + . .     SeeInvis +     - Unarmed
rCold    + + .     Faith    .   (shield unavailable)
rNeg     . . .     Spirit   +   (armour unavailable)
rPois    +         Reflect  .   (helmet unavailable)
rElec    +         Harm     .   (cloak unavailable)
rCorr    +         Rampage  .   (gloves unavailable)
MR       +....     NoTele   +   (boots unavailable)
Stlth    +++++.....             w - amulet of guardian spirit
HPRegen  0.13/turn              y - ring of wizardry
MPRegen  0.15/turn              B - ring of protection from cold

@: resistant, hasted, very quick
A: very small, no armour, no weapons or thrown items, stealth, claws 1, fangs 3,
see invisible, speed 1, shaggy fur 2, sharp paws
a: Potion Petition, Call Merchant, Bribe Branch, Renounce Religion


You were in a Gauntlet.
You worshipped Gozag.
Gozag was most pleased with you.
You visited 2 branches of the dungeon, and saw 12 of its levels.
You also visited: Gauntlet.

You collected 1793 gold pieces.
You paid 4 gold pieces to Gozag.

Inventory:

Jewellery
 j - an uncursed ring of stealth
 u - an uncursed amulet of magic regeneration
 w - an amulet of guardian spirit (around neck)
 y - a ring of wizardry (left paw)
 B - a ring of protection from cold (right paw)
 C - the ring "Omuuqub" {+Blink rPois MR+++ Str-2 Slay-4}
   (You found it in a Gauntlet)

   [ring of slaying]

   It affects your strength (-2).
   It affects your accuracy and damage with ranged weapons and melee attacks
   (-4).
   It protects you from poison.
   It affects your resistance to hostile enchantments.
   It lets you blink.
Wands
 e - a wand of digging (2)
 k - a wand of polymorph (8)
 q - a wand of random effects (8)
 r - a wand of flame (2)
 v - a wand of acid (4)
Scrolls
 a - 2 scrolls of fog
 b - 2 scrolls of magic mapping
 c - 3 scrolls of enchant weapon {unknown}
 f - 5 scrolls of remove curse {@r2}
 g - a scroll of enchant armour {unknown}
 i - a scroll of random uselessness {unknown}
 p - a scroll of acquirement {unknown}
 x - 2 scrolls of immolation {unknown}
 E - a scroll of identify {@r1}
 F - a scroll of vulnerability {unknown}
Potions
 d - a potion of haste
 h - a potion of resistance
 l - 2 potions of attraction
 m - 2 potions of flight
 n - 2 potions of might
 o - 3 potions of brilliance
 s - a potion of magic
 t - a potion of lignification {unknown}
 z - a potion of mutation {unknown}
 A - 2 potions of invisibility {unknown}
 D - a potion of cancellation {unknown}
 G - a potion of heal wounds


   Skills:
 - Level 6.0 Fighting
 - Level 2.6 Dodging
 - Level 10.0 Stealth
 - Level 10.0 Unarmed Combat
 - Level 5.1 Spellcasting
 + Level 10.0 Hexes
 - Level 3.3 Evocations


You had 12 spell levels left.
You knew the following spells:

 Your Spells              Type           Power        Failure   Level
a - Corona                Hex            ####...      1%          1
c - Confusing Touch       Hex            ####....     1%          3
h - Ensorcelled Hibernat  Hex/Ice        ###...       1%          2

Your spell library contained the following spells:

 Spells                   Type           Power        Failure   Level
 Tukima's Dance           Hex            ####....     1%          3
 Dazzling Flash           Conj/Hex       ###...       2%          3


Dungeon Overview and Level Annotations

Branches:
Dungeon (11/15)            Temple (1/1) D:5            Lair (0/6) D:11
Gauntlet (1/1)
    Orc: D:9-12

Altars:
Ashenzari
Cheibriados
Dithmenos
Elyvilon
Fedhas
Gozag
Hepliaklqana
Kikubaaqudgha
Makhleb
Nemelex Xobeh
Okawaru
Qazlal
Ru
Sif Muna
Trog
Uskayaw
Vehumet
Wu Jian
Xom
Yredelemnul
Zin
The Shining One

Shops:
D:10 :

Annotations:
D:2 Natasha, Robin
D:7 Joseph
D:8 Grum
D:9 exclusions: orc and 2 yaks Gauntlet 9 transporters, 21 runed translucent doors


Innate Abilities, Weirdness & Mutations

You cannot wear armour.
You are incapable of wielding weapons or throwing items.
Your paws allow you to move quietly. (Stealth)
You have sharp claws.
You have razor-sharp teeth.
You have supernaturally acute eyesight. (SInv)
You cover ground quickly.
You are covered in thick fur. (AC +2)
Your sharp claws are effective at attacking unaware monsters.


Message History

The death yak bellows!
You hear a shout!
The necromancer shouts!
The death yak bellows!
There is a transporter here.
You feel yourself speed up.
You enter the transporter and appear at another place.
Press: ? - help, v - describe, . - travel A translucent stone wall.
Unknown command.
C - a steaming lead ring
There are no items here.
G - a potion of heal wounds
There is a transporter here.
You see here a twisted jewelled staff.
You see here a fizzy amethyst potion.
A - 2 fizzy amethyst potions (gained 1)
You see here a twisted jewelled staff.
There is a transporter here.
You enter the transporter and appear at another place.
There is a transporter here.
Okay, then.
You're wearing all the rings you can.
Remove which one? (? for menu, Esc to cancel) < or
y - a ring of wizardry; > or
B - a ring of protection from cold You remove your ring of wizardry.
You feel weaker.
Oops, that ring feels deathly cold.
C - the cursed ring "Omuuqub" (left paw) {+Blink rPois MR+++ Str-2 Slay-4}
As you read the scroll of remove curse {@r2}, it crumbles to dust.
You feel as if something is helping you.
You're wearing all the rings you can.
Remove which one? (? for menu, Esc to cancel) < or
C - the ring "Omuuqub" {+Blink rPois MR+++ Str-2 Slay-4} > or
B - a ring of protection from cold You remove the ring "Omuuqub" {+Blink rPois MR+++ Str-2 Slay-4}.
y - a ring of wizardry (left paw)
Okay, then.
Okay, then.
Unknown command.
Okay, then.
You feel protected.
You enter the transporter and appear at another place.
The centaur warrior simulacrum misses you.
Press: ? - help, v - describe, . - travel
Here: an ice dragon simulacrum The floor.
Okay, then.
Press: ? - help, v - describe, . - travel A stone wall.
Unknown command.
Casting: Ensorcelled Hibernation (safe; 1% risk of failure)
Confirm with . or Enter, or press ? or * to list all spells.
Okay, then.
Unknown command.
Casting: Ensorcelled Hibernation (safe; 1% risk of failure)
Confirm with . or Enter, or press ? or * to list all spells.
Okay, then.
Press: ? - help, v - describe, . - travel
Here: a centaur warrior simulacrum The floor.
Unknown command.
Okay, then.
Okay, then.
Okay, then.
Evoke which item? (* to show all) (? for menu, Esc to quit)
Okay, then.
Okay, then.
Casting: Ensorcelled Hibernation (safe; 1% risk of failure)
Confirm with . or Enter, or press ? or * to list all spells.
Okay, then.
Unknown command.
Unknown command.
Okay, then.
Press: ? - help, v - describe, . - travel
Here: a centaur warrior simulacrum The floor.
Unknown command.
The ice dragon simulacrum bites you! The ice dragon simulacrum freezes you.
You resist. The ice dragon simulacrum misses you.
The ice dragon simulacrum tramples you. The ice dragon simulacrum freezes you!
You resist.
Casting: Ensorcelled Hibernation (safe; 1% risk of failure)
Confirm with . or Enter, or press ? or * to list all spells.
Your paws begin to glow red.
The centaur warrior simulacrum hits you.
The centaur warrior simulacrum freezes you.
You resist.
* * * LOW HITPOINT WARNING * * *
The yak bellows!
You scratch the centaur warrior simulacrum but do no damage.
The centaur warrior simulacrum appears confused.
The centaur warrior simulacrum hits you.
The centaur warrior simulacrum freezes you.
You resist.
* * * LOW HITPOINT WARNING * * *
The centaur warrior simulacrum barely misses you.
The ice dragon simulacrum bites you.
* * * LOW HITPOINT WARNING * * *
The ice dragon simulacrum freezes you! You resist.
You die...
Your body crumbles into a pile of gold.

.##...##.#...#..#..##..#..#.8...
.........#...#.w.#..Y..#..#...#.
##########...###########..#...#
...........≈.............≈#.©.#
.∩........§8§............∩#...#
..........§≈.............§#.©.#
##########§§§###########..#...#
#.......##...#.##Z#.#.##..#...#.
p#.....#.#...#.#@©#.Z..#..#.8...
YY#...#..######Z#Z#.##!#..#...##
...#.#...#...#.Z..####$#..#.8...
.YY©#...Y#©.§###.####.©#..#...##
.Y.#.#..|#...##.#..###(#..#≈8§#
..#...#..#####.##.#.."##..#####
.#.....#.#...#.#.##..#.#..###
#.......##.8.##.#...#.##..#8#
##########...###########..###


You could see a torpor snail, a yak, an ice dragon simulacrum, a wolf spider
simulacrum and 3 centaur warrior simulacra.

Vanquished Creatures
  A two-headed ogre (D:11)
  An unseen horror (D:10)
  A troll (D:10)
  A wyvern (D:9)
  4 sky beasts
  2 orc warriors (D:9)
  A swamp drake (D:11)
  An ice beast (D:7)
  4 ogres
  A phantom (D:9)
  3 wolves
  4 centaurs
  A big kobold (D:9)
  Blork the orc (D:6)
  A gnoll sergeant (D:9)
  9 bullfrogs
  2 scorpions
  3 howler monkeys
  A wight (D:9)
  An electric eel (D:11)
  A quasit (D:7)
  4 jellies
  A bullfrog skeleton (D:5)
  A centaur skeleton (D:6)
  4 hounds
  6 orc wizards
  5 orc priests
  3 iguanas
  Natasha (twice) (D:2)
  6 worker ants
  A killer bee zombie (D:6)
  7 gnolls
  12 adders
  A shadow imp (D:6)
  A white imp (D:5)
  2 ufetubi
  2 oozes
  3 adder skeletons
  2 worms
  2 dart slugs (D:1)
  3 leopard geckos
  17 orcs
  2 ball pythons
  9 bats
  6 giant cockroaches
  17 goblins
  11 hobgoblins
  9 jackals
  4 quokkas
  5 frilled lizards
  9 kobolds
  A leopard gecko zombie (D:6)
  7 rats
209 creatures vanquished.

Vanquished Creatures (others)
  An orc wizard (D:9)
  23 bushes (D:9)
  A plant (D:3)
  2 withered plants (Gauntlet)
27 creatures vanquished.

Grand Total: 236 creatures vanquished

Notes
Turn   | Place    | Note
-------+----------+-------------------------------------------
     0 | D:5      | edsrzf the Felid Delver began the quest for the Orb.
     0 | D:5      | Reached XP level 1. HP: 10/10 MP: 2/2
    20 | D:5      | Found a staircase to the Ecumenical Temple.
    28 | Temple   | Entered the Ecumenical Temple
   228 | D:5      | Noticed a worker ant
   388 | Temple   | Became a worshipper of Gozag Ym Sagoz the Greedy
   475 | D:5      | Noticed a howler monkey
   514 | D:3      | Reached XP level 2. HP: 14/14 MP: 3/3
   736 | D:3      | Reached skill level 7 in Stealth
   766 | D:3      | Noticed Robin
   949 | D:2      | Reached XP level 3. HP: 17/17 MP: 4/4
   989 | D:2      | Reached skill level 3 in Unarmed Combat
  1808 | D:1      | Reached XP level 4. HP: 15/21 MP: 5/5
  2657 | D:2      | Reached skill level 8 in Stealth
  2657 | D:2      | Noticed Natasha
  2748 | D:2      | Identified 2 potions of might
  2751 | D:2      | Killed Natasha
  2860 | D:2      | Noticed Natasha
  2990 | D:2      | Killed Natasha
  2991 | D:2      | Reached skill level 4 in Unarmed Combat
  2991 | D:2      | Reached XP level 5. HP: 24/24 MP: 6/6
  3525 | D:2      | Noticed Natasha
  4441 | D:3      | Reached skill level 9 in Stealth
  4536 | D:3      | Found a faded altar of an unknown god.
  4987 | D:4      | Identified 3 scrolls of remove curse
  4988 | D:4      | Identified 3 scrolls of identify
  4988 | D:4      | Identified a potion of attraction
  4989 | D:4      | Identified a potion of brilliance
  4990 | D:4      | Identified a potion of flight
  5021 | D:4      | Gained mutation: You are covered in thick fur. (AC +2)
                  | [Felid growth]
  5021 | D:4      | Reached XP level 6. HP: 28/28 MP: 7/7
  5079 | D:4      | Reached skill level 5 in Unarmed Combat
  5677 | D:5      | Reached skill level 10 in Stealth
  5677 | D:5      | Reached XP level 7. HP: 14/31 MP: 3/8
  6371 | D:6      | Identified 3 potions of berserk rage
  6373 | D:6      | Reached skill level 1 in Spellcasting
  6664 | D:6      | Reached skill level 6 in Unarmed Combat
  6809 | D:6      | Noticed Blork the orc
  6821 | D:6      | Reached skill level 2 in Spellcasting
  6826 | D:6      | Killed Blork the orc
  7452 | D:6      | Reached skill level 3 in Spellcasting
  7595 | D:6      | Reached XP level 8. HP: 34/34 MP: 13/13
  7601 | D:6      | Reached skill level 7 in Unarmed Combat
  7618 | D:6      | Identified a potion of magic
  7968 | D:6      | Reached skill level 4 in Spellcasting
  8645 | D:7      | Reached skill level 8 in Unarmed Combat
  8682 | D:7      | Reached skill level 5 in Spellcasting
  8887 | D:7      | Identified 2 potions of heal wounds
  9340 | D:8      | Noticed Grum
  9343 | D:8      | Reached skill level 4 in Fighting
  9343 | D:8      | Reached XP level 9. HP: 39/39 MP: 17/17
  9428 | D:8      | Noticed Joseph
  9826 | D:8      | Reached skill level 9 in Unarmed Combat
  9834 | D:9      | Noticed a troll
  9948 | D:9      | HP: 1/39 [wyvern (8)]
 10048 | D:9      | Reached skill level 5 in Fighting
 10092 | D:9      | Slain by an orc warrior
 10093 | D:9      | Reached XP level 8. HP: -1/37 MP: 0/16
 10568 | D:8      | Reached skill level 6 in Fighting
 10582 | D:9      | Slain by an orc warrior
 10583 | D:9      | Reached XP level 7. HP: 0/34 MP: 0/15
 10663 | D:9      | Reached skill level 1 in Evocations
 10838 | D:9      | Reached XP level 8. HP: 29/38 MP: 13/16
 11026 | D:9      | Identified 2 scrolls of blinking
 11027 | D:9      | Identified 2 scrolls of teleportation
 11107 | D:9      | Reached skill level 2 in Evocations
 11126 | D:9      | HP: 1/38 [big kobold/+0 whip (3)]
 11128 | D:9      | Reached skill level 10 in Unarmed Combat
 11453 | D:9      | Found a stormy altar of Qazlal.
 11586 | D:10     | Entered Level 10 of the Dungeon
 11703 | D:10     | Learned a level 2 spell: Ensorcelled Hibernation
 11721 | D:10     | Found Plog's Book Shoppe.
 11727 | D:10     | Noticed a troll
 11742 | D:10     | Killed a troll
 11743 | D:10     | Reached skill level 2 in Hexes
 11743 | D:10     | Reached skill level 3 in Evocations
 11763 | D:10     | Reached skill level 3 in Hexes
 11879 | D:10     | Reached skill level 4 in Hexes
 12027 | D:10     | Noticed an unseen horror
 12043 | D:10     | Killed an unseen horror
 12044 | D:10     | Reached skill level 6 in Hexes
 12044 | D:10     | Reached XP level 9. HP: 22/41 MP: 11/17
 12193 | D:10     | Learned a level 1 spell: Corona
 12197 | D:10     | Learned a level 3 spell: Confusing Touch
 12323 | D:10     | Reached skill level 7 in Hexes
 12531 | D:11     | Reached skill level 8 in Hexes
 12537 | D:11     | Noticed a troll
 12587 | D:11     | Found a gate leading to a gauntlet.
 12587 | D:11     | Noticed a two-headed ogre
 12597 | D:11     | Killed a two-headed ogre
 12598 | D:11     | Reached skill level 10 in Hexes
 12612 | Gauntlet | Entered a Gauntlet
 12612 | Gauntlet | Found a transporter.
 12612 | Gauntlet | Found a transporter.
 12612 | Gauntlet | Noticed a necromancer
 12612 | Gauntlet | Noticed a death yak
 12612 | Gauntlet | Noticed a death yak
 12613 | Gauntlet | Noticed a death yak
 12614 | Gauntlet | Noticed a death yak
 12617 | Gauntlet | Noticed a death yak
 12619 | Gauntlet | Noticed a death yak
 12630 | Gauntlet | Noticed a death ooze
 12788 | Gauntlet | Found a transporter.
 12792 | Gauntlet | Found a transporter.
 12802 | Gauntlet | Found a transporter.
 12823 | Gauntlet | Found a transporter.
 12829 | Gauntlet | Found a transporter.
 12837 | Gauntlet | Found a transporter.
 12854 | Gauntlet | Found a transporter.
 12855 | Gauntlet | Noticed a death ooze
 12858 | Gauntlet | Found a large runed translucent door.
 12858 | Gauntlet | Noticed a worldbinder
 12859 | Gauntlet | Found a large runed translucent door.
 12860 | Gauntlet | Found a large runed translucent door.
 12860 | Gauntlet | Found a large runed translucent door.
 12861 | Gauntlet | Found a runed translucent gate.
 12862 | Gauntlet | Found a transporter.
 12862 | Gauntlet | Found a runed translucent gate.
 12863 | Gauntlet | Found a runed translucent gate.
 12864 | Gauntlet | Found a large runed translucent door.
 12864 | Gauntlet | Found a large runed translucent door.
 12865 | Gauntlet | Found a large runed translucent door.
 12866 | Gauntlet | Found a large runed translucent door.
 12875 | Gauntlet | Found a large runed translucent door.
 12875 | Gauntlet | Found a large runed translucent door.
 12875 | Gauntlet | Found a runed translucent door.
 12875 | Gauntlet | Found a runed translucent door.
 12876 | Gauntlet | Found a large runed translucent door.
 12877 | Gauntlet | Found a large runed translucent door.
 12879 | Gauntlet | Found a transporter.
 12908 | Gauntlet | Found a transporter.
 12919 | Gauntlet | Found a large runed translucent door.
 12920 | Gauntlet | Found a large runed translucent door.
 12921 | Gauntlet | Found a large runed translucent door.
 12921 | Gauntlet | Found a large runed translucent door.
 12956 | Gauntlet | Got a steaming lead ring
 12969 | Gauntlet | Identified the cursed ring "Omuuqub" {+Blink rPois MR+++
                  | Str-2 Slay-4} (You found it in a Gauntlet)
 12974 | Gauntlet | Noticed a torpor snail
 12977 | Gauntlet | Slain by an ice dragon simulacrum

Illustrated notes

Levels and vault maps discovered:
D:1:      minmay_arrival_four_loops, layout_rooms, st_stairs_1
D:2:      layout_basic, uniq_natasha
D:3:      layout_rooms, chequers_ecumenical_altar_grove, serial_bayou_pond_e,
          st_stairs_13, minivault_11, uniq_robin
D:4:      layout_loops_ring, minmay_misc_feat_x, minmay_misc_feat_plants,
          kennysheep_generic_room_5
D:5:      layout_basic, minmay_temple_entry_hall
D:6:      layout_loops_corners, uniq_blork_the_orc
D:7:      layout_loops_ring, dk_noncrumbling_4
D:8:      hangedman_cross_veins, layout_rooms, uniq_joseph, uniq_grum,
          uniq_prince_ribbit1
D:9:      wad_pebble_path, layout_long_grid, general_overflow_altar,
          minmay_hedge_maze, led_sif_pool
D:10:     layout_rooms, serial_shops, nicolae_shop_stone
D:11:     layout_roguey, erik_lair_island, gauntlet_entry_generic,
          chequers_serial_rivers_micro_a, uniq_erica, uniq_josephine,
          uniq_nergalle
Temple:   minmay_crystal_snake_temple
Gauntlet: gammafunk_gauntlet_shortcut [nicolae_gauntlet_arena_x,
          gammafunk_gauntlet_arena_mazey, gammafunk_gauntlet_arena_split_x,
          minmay_gauntlet_arena_make_your_own_arena,
          gammafunk_gauntlet_arena_chambers, gammafunk_gauntlet_arena_teeth,
          nicolae_gauntlet_exit_dead_adventurers]

Skill      XL: |  1  2  3  4  5  6  7  8  9 |
---------------+----------------------------+-----
Stealth        | 7 8 9 10 | 10.0
Unarmed Combat | 3 4 5 6 10 9 | 10.0
Spellcasting   | 3 5 |  5.1
Fighting       | 6 5 |  6.0
Evocations     | 1 3 |  3.3
Hexes          | 6 10 | 10.0
Dodging        | |  2.6

Action                   |  1- 3 |  4- 6 |  7- 9 || total
-------------------------+-------+-------+-------++-------
Melee: Unarmed           |   108 |   207 |   399 ||   714
       Bite              |     9 |    20 |    48 ||    77
       Punch             |       |     4 |    13 ||    17
 Cast: Ensorcelled Hiber |       |       |    10 ||    10
       Confusing Touch   |       |       |     1 ||     1
Evoke: Wand              |       |       |    27 ||    27
  Use: Potion            |       |     2 |    10 ||    12
       Scroll            |       |     4 |    10 ||    14
 Stab: Sleeping          |    11 |    15 |    32 ||    58
       Distracted        |       |     1 |     5 ||     6
       Paralysed         |       |       |     2 ||     2
Armor: Skin              |     7 |     6 |    25 ||    38
Dodge: Dodged            |    79 |   159 |   332 ||   570

Table legend: (Time is in decaauts)
 A = Elapsed time spent in this place.
 B = Non-inter-level travel time spent in this place.
 C = Inter-level travel time spent in this place.
 D = Time resting spent in this place.
 E = Time spent auto-exploring this place.
 F = Levels seen in this place.
 G = Mean time per level.
                   A        B        C        D        E       F      G
               +--------+--------+--------+--------+--------+-----+--------+
         Total |  11686 |  11252 |    434 |   4324 |   4433 |  13 |  898.9 |
       Dungeon |  11194 |  10811 |    383 |   4324 |   4058 |  11 | 1017.6 |
        Temple |    174 |    123 |     51 |      0 |     96 |   1 |  174.0 |
      Gauntlet |    317 |    317 |      0 |      0 |    279 |   1 |  317.0 |
               +--------+--------+--------+--------+--------+-----+--------+

Top non-repeatable levels by time:
     D:6: 2083 daAuts
     D:9: 1598 daAuts
     D:1: 1495 daAuts
     D:2: 1309 daAuts
     D:7: 1120 daAuts
     D:4: 911 daAuts
     D:3: 862 daAuts
    D:10: 813 daAuts
     D:5: 705 daAuts
Gauntlet: 317 daAuts
     D:8: 189 daAuts
  Temple: 174 daAuts
    D:11: 107 daAuts
